 Dungeon Crawl Stone Soup version 0.24-a0-537-g2d01d4ab0a (webtiles) character file.

Game seed: 7977432601601754080

61 LabCoat the Chopper (level 4, -1/40 HPs)
             Began as a Hill Orc Fighter on Aug 13, 2019.
             Killed from afar by an orc wizard (5 damage)
             ... with a magic dart
             ... on level 3 of the Dungeon on Aug 15, 2019.
             The game lasted 00:07:21 (1755 turns).

LabCoat the Chopper (Hill Orc Fighter)              Turns: 1755, Time: 00:07:22

Health: -1/40      AC:  6    Str: 24    XL:     4   Next: 7%
Magic:  4/4        EV: 12    Int:  8    God:
Gold:   97         SH: 10    Dex: 15    Spells: 3/3 levels left

rFire    + + .     SeeInvis .   a - +1 war axe
rCold    + . .     Gourm    .   c - +0 shield
rNeg     . . .     Faith    .   b - +0 scale mail
rPois    +         Spirit   .   (no helmet)
rElec    +         Reflect  .   (no cloak)
rCorr    +         Harm     .   (no gloves)
MR       .....                  (no boots)
Stlth    +.........             (no amulet)
HPRegen  0.13/turn              g - ring of protection from fire
MPRegen  0.09/turn              (no ring)

@: mighty, agile, resistant
A: no striking features
a: Convert to Beogh


You were on level 3 of the Dungeon.
You were not hungry.

You visited 1 branch of the dungeon, and saw 3 of its levels.

You collected 97 gold pieces.

Inventory:

Hand Weapons
 a - a +1 war axe (weapon)
 o - a +0 hunting sling
Armour
 b - a +0 scale mail (worn)
 c - a +0 shield (worn)
Jewellery
 g - a ring of protection from fire (left hand)
 k - an uncursed amulet of regeneration {unknown}
Scrolls
 n - a scroll of amnesia {unknown}
Potions
 d - a potion of might
 i - a potion of heal wounds {unknown}
 j - a potion of mutation {unknown}
 m - a potion of agility
 p - a potion of magic {unknown}
Comestibles
 f - 4 rations


   Skills:
 + Level 3.9 Fighting
 * Level 4.5 Axes
 + Level 3.5 Armour
 + Level 3.8 Shields


You had 3 spell levels left.
You didn't know any spells.
Your spell library was empty.

Dungeon Overview and Level Annotations

Branches:
Dungeon (3/15)

Altars:


Message History

You feel less confused. Something hits you but does no damage.
You miss something.
The orc wizard casts a cantrip, but nothing happens.
You block something's attack.
Your shield and scale mail prevent you from hitting something.
Something hits you but does no damage.
You miss something.
The orc wizard miscasts a cantrip.
Something hits you.
* * * LOW HITPOINT WARNING * * *
Something hits you.
* * * LOW HITPOINT WARNING * * *
As you read the scroll labeled LUCZOF FUPUY, it crumbles to dust.
It is a scroll of enchant weapon.
Your +0 war axe glows red for a moment.
You hear some strange, mumbled words.
A magic dart appears from out of thin air!
The magic dart hits you.
You die...

#.#.#.#
#######.#.#.#
............#
######.#.###
#.#.# #.#<#
#.#.#
#.#######.#
#.%.@{ooo.#
###########


You could see an orc priest, an orc wizard and an orc.

Vanquished Creatures
  An adder (D:2)
  2 worms (D:2)
  2 dart slugs
  4 leopard geckos
  A ball python (D:1)
  4 hobgoblins
  5 bats
  6 frilled lizards
  4 goblins
  8 kobolds
  4 rats
41 creatures vanquished.

Notes
Turn   | Place    | Note
-------+----------+-------------------------------------------
     0 | D:1      | LabCoat the Hill Orc Fighter began the quest for the Orb.
     0 | D:1      | Reached XP level 1. HP: 19/19 MP: 1/1
   237 | D:1      | Reached skill level 3 in Axes
   242 | D:1      | Reached XP level 2. HP: 24/27 MP: 2/2
   620 | D:1      | Reached XP level 3. HP: 24/33 MP: 3/3
  1106 | D:2      | Reached skill level 4 in Axes
  1507 | D:2      | Reached XP level 4. HP: 37/40 MP: 4/4
  1755 | D:3      | Killed from afar by an orc wizard

Levels and vault maps discovered:
D:1:      tarquinn_simple_flora_water_d, layout_basic
D:2:      layout_basic, first_ration, serial_park_tiny_1
D:3:      wad_river_or_something, layout_basic,
          gammafunk_temple_overflow_elements, minmay_circle_x

Skill      XL: |  1  2  3 |
---------------+----------+-----
Axes           | 3 4 |  4.5
Fighting       | |  3.9
Armour         | |  3.5
Shields        | |  3.8

Action                   |  1- 3 |  4- 6 || total
-------------------------+-------+-------++-------
Melee: War axe           |   172 |    14 ||   186
  Use: Scroll            |     3 |     1 ||     4
       Potion            |       |     3 ||     3
  Eat: Chunk             |     2 |     1 ||     3
Armor: Scale mail        |    73 |     6 ||    79
Dodge: Dodged            |    69 |     4 ||    73
Block: Shield            |    94 |     4 ||    98

Table legend:
 A = Non-vault XP
 B = Vault XP
 C = Vault XP percentage of total XP
 D = Non-vault monster count
 E = Vault monster count
 F = Vault count percentage of total count
                 A         B        C        D         E       F
            +---------+---------+-------+---------+---------+-------
      Total |      88 |       0 |   0.0 |      41 |       0 |   0.0
            +---------+---------+-------+---------+---------+-------
        D:1 |      38 |       0 |   0.0 |      22 |       0 |   0.0
        D:2 |      50 |       0 |   0.0 |      19 |       0 |   0.0
            +---------+---------+-------+---------+---------+-------
